 Dungeon Crawl Stone Soup version 0.25.1-8-g42b30a86e7 (webtiles) character file.

Game seed: 17818982298865515301

232 Clowwww the Shield-Bearer (level 5, 0/41 HPs)
             Began as a Demonspawn Fighter on Dec 26, 2020.
             Was a Follower of Nemelex Xobeh.
             Killed from afar by an orc wizard (2 damage)
             ... with a magic dart
             ... on level 3 of the Dungeon.
             The game lasted 00:06:22 (3145 turns).

Clowwww the Shield-Bearer (Demonspawn Fighter)      Turns: 3145, Time: 00:06:22

Health: 0/41       AC:  7    Str: 17    XL:     5   Next: 73%
Magic:  5/5        EV:  7    Int: 10    God:    Nemelex Xobeh [*.....]
Gold:   98         SH:  9    Dex: 12    Spells: 4/4 levels left

rFire    . . .     SeeInvis .   a - +0 war axe
rCold    . . .     Gourm    .   c - +0 kite shield
rNeg     . . .     Faith    .   b - +0 scale mail
rPois    .         Spirit   .   (helmet restricted)
rElec    .         Reflect  .   (no cloak)
rCorr    .         Harm     .   (no gloves)
MR       .....                  (no boots)
Stlth    ..........             (no amulet)
HPRegen  0.13/turn              (no ring)
MPRegen  0.09/turn              (no ring)

@: mighty
A: antennae 1, powered by pain 1
a: Draw Escape, Draw Destruction, Draw Summoning, Renounce Religion


You were on level 3 of the Dungeon.
You worshipped Nemelex Xobeh.
Nemelex Xobeh was aware of your devotion.
You were hungry.

You visited 1 branch of the dungeon, and saw 4 of its levels.

You collected 98 gold pieces.

Inventory:

Hand Weapons
 a - a +0 war axe (weapon)
Missiles
 s - 2 throwing nets (quivered)
Armour
 b - a +0 scale mail (worn)
 c - a +0 kite shield (worn)
Wands
 p - a wand of flame (12)
Scrolls
 g - a scroll of fog {unknown}
 h - 5 scrolls of identify {unknown}
 i - a scroll of enchant weapon {unknown}
 l - a scroll of remove curse {unknown}
 n - a scroll of random uselessness {unknown}
 o - 2 scrolls of teleportation {unknown}
 q - a scroll of magic mapping {unknown}
Potions
 d - a potion of might
 e - a potion of berserk rage {unknown}
 j - a potion of lignification {unknown}
 k - a potion of cancellation {unknown}
 r - a potion of flight {unknown}
Comestibles
 f - 6 rations
 t - a chunk of flesh


   Skills:
 + Level 3.3 Fighting
 + Level 3.5 Axes
 + Level 3.7 Armour
 + Level 1.0 Dodging
 + Level 3.8 Shields


You had 4 spell levels left.
You didn't know any spells.
Your spell library contained the following spells:

 Spells                   Type           Power        Failure   Level  Hunger
 Animate Skeleton         Necr           N/A          99%         1    ##.....
 Apportation              Tloc           #.....       99%         1    ##.....
 Corona                   Hex            #......      99%         1    ##.....
 Summon Small Mammal      Summ           #...         99%         1    ##.....


Dungeon Overview and Level Annotations

Branches:
Dungeon (4/15)
 Temple: D:4-7

Altars:
Nemelex Xobeh


Innate Abilities, Weirdness & Mutations

You have a pair of small antennae on your head.
You sometimes gain a little power by taking damage.


Message History

The orc wizard casts a cantrip, but nothing happens.
You barely miss the orc wizard.
The orc wizard is heavily wounded.
The orc wizard completely misses you.
The orc wizard hits you with a +0 dagger.
* * * LOW HITPOINT WARNING * * *
You slash the orc wizard!
You kill the orc wizard!
The orc wizard gestures wildly while chanting.
The orc wizard seems to speed up.
The orc wizard hits you but does no damage.
The orc wizard hits you with a +0 dagger.
* * * LOW HITPOINT WARNING * * *
You see here an iguana corpse.
Your scale mail prevents you from hitting the orc wizard.
You block the orc wizard's attack. The orc wizard casts a spell at you.
The magic dart hits you.
You die...
Your body disappears without a glow.

#.# ####.## #........
###.# #.....# ##....###
....# #.##..########.#.#
##### #.##............(#
#.###.########.###
#.....# #.# #######
#####.##### ###########
#.........# #....)>@o.#
#.###.###.# #.#######.#
#.# #.# #.# ###### #.#
#.# #.###.###.. .....#
#.#######.####...#......
####.#
#รท##...........#........
#.#
#.##..###.#.##......###.
#.#
#......>..#.###......##.
#.#
####....###.###.......#.
#.# #.##.# #.##..........


You could see an orc wizard (fast).

Vanquished Creatures
  An orc priest (D:4)
  2 orc wizards
  An iguana (D:3)
  Robin (D:2)
  3 adders
  An ooze (D:3)
  A dart slug (D:3)
  2 leopard geckos (D:3)
  3 orcs
  A ball python (D:3)
  3 giant cockroaches (D:1)
  4 hobgoblins
  5 jackals
  7 kobolds
  3 quokkas
  9 bats
  A frilled lizard (D:2)
  16 goblins
  7 rats
71 creatures vanquished.

Notes
Turn   | Place    | Note
-------+----------+-------------------------------------------
     0 | D:1      | Clowwww the Demonspawn Fighter began the quest for the Orb.
     0 | D:1      | Reached XP level 1. HP: 18/18 MP: 1/1
    80 | D:1      | Found a sparkling altar of Nemelex Xobeh.
   134 | D:1      | Gained mutation: You sometimes gain a little power by
                  | taking damage. [demonic ancestry]
   134 | D:1      | Reached XP level 2. HP: 22/24 MP: 2/2
   599 | D:2      | Reached XP level 3. HP: 29/29 MP: 3/3
   866 | D:2      | Noticed Robin
   892 | D:2      | Killed Robin
  1426 | D:2      | Gained mutation: You have a pair of small antennae on your
                  | head. [demonic ancestry]
  1426 | D:2      | Reached XP level 4. HP: 34/35 MP: 4/4
  1714 | D:3      | Found a sparkling altar of Nemelex Xobeh.
  1816 | D:3      | Became a worshipper of Nemelex Xobeh the Trickster
  1851 | D:3      | Received a gift from Nemelex Xobeh
  2389 | D:3      | Reached skill level 1 in Dodging
  3007 | D:3      | Reached * piety under Nemelex Xobeh
  3116 | D:4      | Reached XP level 5. HP: 41/41 MP: 5/5
  3140 | D:3      | HP: 1/41 [orc wizard/magic dart (4)]
  3145 | D:3      | Killed from afar by an orc wizard

Illustrated notes

Levels and vault maps discovered:
D:1:      wheals_arrival_shading, layout_rooms,
          nemelex_xobeh_ov_fountains_minmay
D:2:      layout_basic, small_statue_intersection, skrybe_limestone_x,
          uniq_robin
D:3:      layout_loops_corners, nemelex_dance_club_becter
D:4:      layout_basic, nicolae_overflow_crystal_walls,
          minmay_a_box_with_orc_wizards_in_it

Skill      XL: |  1  2  3  4 |
---------------+-------------+-----
Axes           | 2 3 |  3.5
Shields        | 3 |  3.8
Armour         | 3 |  3.7
Dodging        | 1 |  1.0
Fighting       | |  3.3

Action                   |  1- 3 |  4- 6 || total
-------------------------+-------+-------++-------
Melee: War axe           |   107 |   132 ||   239
Invok: Draw Destruction  |       |     3 ||     3
  Use: Potion            |       |     3 ||     3
  Eat: Chunk             |     1 |     6 ||     7
Armor: Scale mail        |    66 |    91 ||   157
Dodge: Dodged            |    43 |    74 ||   117
Block: Kite shield       |    62 |    99 ||   161
